Map: Dreamcatcher LE

Players

Swatopluke

  • Race: Protoss Protoss
  • League: Platinum
  • Spawn Location: 5:00

Nicolomp - Winner!

  • Race: Zerg Zerg
  • League: Platinum
  • Spawn Location: 11:00

VOD

Have the link to the VOD?

Description

Time

  • Played on: Nov. 12, 2018, 5:02 p.m.
  • Length: 4:02
Show
View Real Time Build Order
Export as new Build Order

Swatopluke Protoss 

Build Orders: 1 Gate Expand 

Get SALT Encoding   

  12  0:00  Probe  
  13  0:13  Probe  
  14  0:19  Pylon  
  14  0:25  Probe  
  15  0:38  Probe  
  15  0:41  Gateway  
  16  0:50  Probe  
  16  0:54  Assimilator  
  17  0:59  Probe  
  18  1:07  Probe  
  19  1:16  Probe  
  20  1:28  Nexus  
  20  1:37  Cybernetics Core  
  20  1:50  Gateway  
  20  1:53  Probe, Zealot  
  21  1:57  Warp Gate  
  21  1:59  Assimilator  
  23  2:09  Pylon  
  23  2:27  Probe  
  23  2:29  Adept  
  26  2:35  Twilight Council  
  26  2:39  Probe  
  26  2:41  Probe  
  28  2:45  Adept  
  30  2:53  Probe  
  30  2:54  Probe  
  32  3:05  Adept  
  34  3:11  Gateway  
  34  3:19  Adept  
  36  3:24  Probe x2  
Show
View Real Time Build Order
Export as new Build Order

Nicolomp Zerg - Winner!

Build Orders: Pool First 

Get SALT Encoding   

  12  0:01  Drone  
  13  0:13  Overlord  
  13  0:20  Drone  
  14  0:33  Drone x2  
  16  0:42  Drone  
  17  0:58  Spawning Pool  
  17  1:00  Drone  
  17  1:01  Drone  
  18  1:06  Extractor  
  17  1:21  Hatchery  
  17  1:22  Drone  
  17  1:24  Drone  
  18  1:33  Drone  
  19  1:41  Overlord  
  19  1:46  Queen  
  21  1:53  Zergling x2  
  22  2:02  Zergling x2  
  23  2:09  Metabolic Boost  
  23  2:18  Zergling x2  
  24  2:28  Zergling x2  
  25  2:37  Zergling x4  
  27  2:52  Baneling Nest  
  27  2:55  Queen  
  27  2:56  Zergling x2  
  27  2:57  Zergling x6  
  32  3:14  Drone  
  32  3:15  Drone x3  
  35  3:41  Overlord x3  
  35  3:42  Overlord x2  
Tags
 
Add a new tag
Caveats
  • Supply blocks, unpowered buildings, or Contaminate may cause inaccurate times.
  • Supply counts are checked every 10 seconds.